 Dungeon Crawl Stone Soup version 0.30-a0-857-gcaf70739d4 (webtiles) character file.

Game seed: 4478580300272473430

76 Esekla the Sneak (level 4, 24/31 HPs)
             Began as an Octopode Delver on Mar 6, 2023.
             Quit the game on level 5 of the Dungeon.
             The game lasted 00:02:24 (247 turns).

Esekla the Sneak (Octopode Delver)                   Turns: 247, Time: 00:02:25

Health: 24/31      AC:  1    Str: 11    XL:     4   Next: 32%
Magic:  4/5        EV: 13    Int: 14    God:
Gold:   10         SH:  0    Dex: 13    Spells: 5/5 levels left

rFire   . . .      SeeInvis .    a - +0 falchion
rCold   . . .      Faith    .    (no shield)
rNeg    . . .      Spirit   +    (helmet restricted)
rPois   .          Reflect  .    c - amulet of guardian spirit
rElec   .          Rampage  .    (no ring)
rCorr   .                        (no ring)
Will    .....                    (no ring)
Stlth   ++++                     (no ring)
HPRegen 0.25/turn                (no ring)
MPRegen 0.09/turn                (no ring)
                                 (no ring)
                                 (no ring)

@: no status effects
A: almost no armour, amphibious, 8 rings, camouflage 1, gelatinous body 1,
(nimble swimmer 1), tentacles
a: no special abilities


You were on level 5 of the Dungeon.
You visited 1 branch of the dungeon, and saw 1 of its levels.

You collected 10 gold pieces.

Inventory:

Hand Weapons
 a - a +0 falchion (weapon)
 g - a +0 dagger
Jewellery
 c - an amulet of guardian spirit (around mantle)
Wands
 f - a wand of digging (3)
Scrolls
 b - a scroll of fog
 d - a scroll of fear
 h - a scroll of blinking {unknown}
Potions
 e - a potion of haste


   Skills:
 * Level 3.4 Fighting
 * Level 2.6 Long Blades
 * Level 2.3 Dodging
 + Level 7.4 Stealth
 * Level 1.0 Spellcasting


You had 5 spell levels left.
You didn't know any spells.
Your spell library was empty.

Dungeon Overview and Level Annotations

Branches:
Dungeon (5/15)
 Temple: D:4-7

Altars:
Dithmenos

Shops:
D:5 :

Annotations:
D:5 1 transporter, Esekla's ghost, weakling OpDe


Innate Abilities, Weirdness & Mutations

You cannot wear most types of armour.
You are amphibious.
You can wear up to eight rings at the same time.
Your skin changes colour to match your surroundings (Stealth+).
Your rubbery body absorbs attacks. (AC +1, EV +1)
((You are camouflaged when in or above water. (Stealth+)))
You have tentacles for arms and can constrict up to eight enemies at once.


Message History

You hit the adder but do no damage. Your grab misses the adder.
You squeeze the adder.
The adder is lightly wounded.
The adder closely misses you. x2
You miss the adder. Your grab misses the adder. Your squeeze misses the adder.
The adder is lightly wounded.
The adder barely misses you.
You hit the adder but do no damage. Your grab misses the adder.
You squeeze the adder, but do no damage.
The adder is lightly wounded.
The adder closely misses you. The adder bites you.
You closely miss the adder. Your grab misses the adder.
The adder is lightly wounded.
The adder bites you.
You are poisoned.
The adder poisons you!
You closely miss the adder. Your grab misses the adder.
The adder is lightly wounded.
You feel sick. The adder barely misses you. The adder closely misses you.
You barely miss the adder. You grab the adder. You squeeze the adder.
The adder is heavily wounded.
You constrict the adder.
You feel sick. The adder bites you.
You hit the adder.
You kill the adder!
You feel sick.
Okay, then.
You feel sick.
You are no longer poisoned.
Items here: )) [[ ††.
g - a +0 dagger
Found a scroll labelled TEWASA SOSSU.
You open the door.
A phantom and an iguana come into view.
Found a shadowy altar of Dithmenos.
Press: ? - help, v - describe, . - travel
Here: an iguana (asleep)
A shadowy altar of Dithmenos.
You close the door.
h - a scroll labelled TEWASA SOSSU Are you sure you want to abandon this character and quit the game? (Confirm with "yes".)

*,,,**,,,**,,,**,,,**,*
**+**,,⌠,,**+**,,,,,+,*
*,,,**,,,**,,,**,,,**,* ****
,,,,,**,**,,,,,**,**,,* *,,*
,,,,,,*+*,,,8,,,*+*,,,* *,,*
,,,,,**,**,,,,,**,,,****#..*
*,,,**,,,**,,,******* *..#*
**+**,,,,,##+###### ###..*
*<,,**,,,*#.....@.## #...,*
,,,,,**,*#.###.....###..***
,.,,,**+*#..........#..#*###
..,,>**,,#..........#..#...#
..,,,***,#.#........#..+.Wl#
..,,,***,.,#.#........##...#
..,,,,,,,*#...........#**###
..,,,*****#..........##
.c.$.# *.........[##


There were no monsters in sight!

Vanquished Creatures
  A hound (D:5)
  A gnoll (D:5)
  3 adders (D:5)
  3 orcs (D:5)
  2 jackals (D:5)
10 creatures vanquished.

Vanquished Creatures (others)
  6 plants (D:5)
6 creatures vanquished.

Grand Total: 16 creatures vanquished

Notes
Turn   | Place    | Note
-------+----------+-------------------------------------------
     0 | D:5      | Esekla the Octopode Delver began the quest for the Orb.
     0 | D:5      | Reached XP level 1. HP: 16/16 MP: 1/1
     3 | D:5      | Found Hevak's Vocational Training.
    11 | D:5      | Noticed a centaur
    31 | D:5      | Noticed a hound
    31 | D:5      | Noticed a sleepcap
    39 | D:5      | Reached XP level 2. HP: 21/21 MP: 2/2
    63 | D:5      | Reached skill level 7 in Stealth
    77 | D:5      | Noticed Esekla's ghost (weakling OpDe)
    88 | D:5      | Found a transporter.
    89 | D:5      | Noticed a gnoll sergeant
    90 | D:5      | Noticed a gnoll sergeant
   117 | D:5      | Reached XP level 3. HP: 22/26 MP: 1/4
   176 | D:5      | Reached skill level 1 in Spellcasting
   176 | D:5      | Reached XP level 4. HP: 24/31 MP: 5/5
   237 | D:5      | Found a shadowy altar of Dithmenos.
   237 | D:5      | Noticed a phantom
   247 | D:5      | Quit the game

Illustrated notes

Levels and vault maps discovered:
D:5:      layout_rooms, grunt_dithmenos_shadows, gammafunk_ghost_gnarly_gnolls,
          nicolae_hexahallways, nicolae_shop_vocational, uniq_menkaure,
          uniq_blork_the_orc

Skill      XL: |  1  2  3 |
---------------+----------+-----
Stealth        | 7 |  7.4
Spellcasting   | 1 |  1.0
Fighting       | |  3.4
Long Blades    | |  2.6
Dodging        | |  2.3

Action                     |  1- 3 |  4- 6 || total
---------------------------+-------+-------++-------
  Melee: Falchion          |    25 |    13 ||    38
         Tentacles         |     6 |     4 ||    10
         Constrict         |     5 |     3 ||     8
    Use: Scroll            |     1 |       ||     1
   Stab: Distracted        |       |     1 ||     1
 Armour: Skin              |     1 |       ||     1
  Dodge: Dodged            |    21 |     9 ||    30

Table legend: (Time is in decaauts)
 A = Elapsed time spent in this place.
 B = Non-inter-level travel time spent in this place.
 C = Inter-level travel time spent in this place.
 D = Time resting spent in this place.
 E = Time spent auto-exploring this place.
 F = Levels seen in this place.
 G = Mean time per level.
                   A        B        C        D        E       F      G
               +--------+--------+--------+--------+--------+-----+--------+
         Total |    254 |    254 |      0 |     46 |      0 |   1 |  254.0 |
       Dungeon |    254 |    254 |      0 |     46 |      0 |   1 |  254.0 |
               +--------+--------+--------+--------+--------+-----+--------+

Top non-repeatable levels by time:
     D:5: 254 daAuts
